AoeStats
← Alan

Arabia

510485482Analyzed
1v1 RM · 12h ago on Oct 1, 2026· 54m 53s· 2 players
Game mode
Random Map
Map size
Tiny (2 player)
Population
200
Speed
Normal
Resources
Standard
Victory
Conquest
Starting age
Dark Age
Ending age
Imperial Age
RankedLock teamsTeams togetherTeam positionsShared explorationLock speedFull tech treeHidden civsTurbo modeCheats
Victory
Defeat
🇬🇧 Maya · United Kingdom
1067
+15
🇮🇳 Malay · India
1050
-15
lodhaaashish
4:27 Loom
10:14 Feudal Age
13:45 Horse Collar
13:51 Double-Bit Axe
15:51 Fletching
17:05 Padded Archer Armor
22:46 Castle Age
21:49 Crossbowman
22:31 Bodkin Arrow
23:26 Bow Saw
24:24 Ballistics
26:30 Wheelbarrow
27:23 Elite Skirmisher
28:44 Scale Barding Armor
28:55 Leather Archer Armor
29:38 Forging
37:03 Imperial Age
35:15 Masonry
35:59 Heavy Plow
36:44 Bracer
38:13 Chemistry
43:26 Iron Casting
43:23 Ring Archer Armor
47:12 Blast Furnace
48:11 Town Watch
50:45 Thumb Ring
Alan
7:28 Loom
11:12 Feudal Age
11:49 Double-Bit Axe
11:47 Horse Collar
16:25 Fletching
18:24 Padded Archer Armor
21:59 Castle Age
22:01 Crossbowman
22:49 Thumb Ring
22:49 Bodkin Arrow
24:24 Bow Saw
24:17 Heavy Plow
26:11 Wheelbarrow
27:59 Gold Mining
30:23 Town Watch
30:06 Elite Skirmisher
31:29 Ballistics
33:14 Masonry
33:23 Leather Archer Armor
35:04 Hul'che Javelineers
36:23 Sanctity
42:56 Imperial Age
41:23 Hand Cart
43:00 Capped Ram
44:04 Conscription
44:32 Holcans
44:30 Eagle Warrior
45:46 Squires
45:31 Arson
46:15 Scale Mail Armor
46:26 Forging
45:53 Pikeman
47:26 Crop Rotation
47:53 Chain Mail Armor
47:27 Halberdier
47:47 Arbalester
51:18 Town Patrol
51:28 Elite Eagle Warrior
53:10 Stone Mining
Connection lost

Rejoining the realm…

Still unreachable

The connection could not be restored.

Session expired

The server has moved on; the page needs a fresh start.